[Event "*** Titled Tuesday Blitz"]
[Site "Chess.com"]
[Date "2021.03.09"]
[Round "8"]
[White "Durarbayli"]
[Black "Pilopa"]
[Result "1-0"]
[WhiteElo "2687"]
[BlackElo "2561"]
[TimeControl "180+1"]
[EndTime "11:32:20 PST"]
[Termination "Durarbayli won on time"]

1. e4 Nc6 2. Nf3 d6 3. d4 Nf6 4.
Nc3 g6 5. h3 a6 6. Be3 Bg7 7. Qd2 b5 8. Bd3 O-O 9. Bh6 e5 10. dxe5 Nxe5 11. Nxe5 dxe5 12. a4 b4 13. Ne2 c5 14. Bxg7 Kxg7 15. Qe3 Qe7 16. O-O Be6 17. b3 Nh5 18. g4 Nf6 19. Ng3 Nd7 20. Qe2 Qh4 21.
Kg2 a5 22. Rad1 Rfd8 23. Qe3 c4 24. Bxc4 Bxc4 25. bxc4 Nf8 26. Rd5 Qf6 27. f4 exf4 28. Rxf4 Qb2 29. Rf2 Ne6 30. e5 Rac8 31. Qf3 Rf8 32. Rd7 Qxe5 33. Rxf7+ Kh8 34. Qe4 Qxe4+ 35. Nxe4 Rxf7 36. Rxf7 Rxc4 37. Nf6 Ng5 38. Ra7 Rxc2+ 39. Kg3 Rc3+ 40. Kf4 Nxh3+ 41. Ke5 Ng5 42. Kf4 h6 43. Rxa5 Rc4+ 44. Ke5 b3 45. Rb5 Rc3 46. Rb7 Re3+ 47. Kd4 Rg3 48. a5 Rg1 49. Rb8+ Kg7 50. Ne8+ 1-0

[Event "*** Titled Tuesday Blitz"]
[Site "Chess.com"]
[Date "2021.03.09"]
[Round "8"]
[White "ikhasu"]
[Black "Natalya_Buksa"]
[Result "0-1"]
[WhiteElo "2392"]
[BlackElo "2537"]
[TimeControl "180+1"]
[EndTime "11:32:20 PST"]
[Termination "Natalya_Buksa won on time"]

1. d4 d5 2. Bf4 e6 3. e3 Nf6 4.
Nd2 Bd6 5. Bg3 c5 6. c3 Qc7 7. f4 cxd4 8. cxd4 Nc6 9. Ngf3 Ne4 10. Nxe4 dxe4 11. Nd2 f5 12. Bc4 O-O 13. O-O Ne7 14.
Rc1 Qb6 15. Nb3 Nd5 16. Bxd5 exd5 17. Be1 Bd7 18. Ba5 Qa6 19. Bc7 Bxc7 20. Rxc7 Bc6 21. Qh5 Qb6 22. Re7 Qd8 23. Re5 g6 24. Qh6 Rf7 25. Nc5 Qb6 26. b3 Qa5 27. Ne6 Qxa2 28. Ng5 Rg7 29. Ne6 Rd7 30. Qg5 Qxb3 31. Rxf5 Qxe3+ 32. Kh1 Qd3 33. Rg1 Qa3 34. Rf6 Qe7 35. f5 Re8 36. fxg6 h6 37. Qf5 Rd6 38. g7 Rxe6 39. Rf8+ Kxg7 40. Rxe8 Qxe8 41. Qg4+ Qg6 42. Qf4 Qf6 43.
Qg4+ Qg6 44. Qf4 e3 45. Re1 e2 46. Qc7+ Qf7 0-1

[Event "*** Titled Tuesday Blitz"]
[Site "Chess.com"]
[Date "2021.03.09"]
[Round "8"]
[White "Saxar85"]
[Black "stoleriu"]
[Result "0-1"]
[WhiteElo "2748"]
[BlackElo "2621"]
[TimeControl "180+1"]
[EndTime "11:32:21 PST"]
[Termination "stoleriu won on time"]

1. e4 e6 2. d4 d5 3. e5 c5 4. c3 Nc6 5. Nf3 Bd7 6. Be2 Nge7 7.
O-O Nf5 8. dxc5 Bxc5 9. Bd3 Nh4 10. Nbd2 O-O 11. Re1 Rc8 12. Qe2 a6 13. Nxh4 Qxh4 14.
Nf3 Qh5 15. Bf4 Ne7 16. Be3 Bxe3 17. Qxe3 Bb5 18. Bxb5 axb5 19. a3 Nf5 20. Qb6 Rc4 21.
h3 Rf4 22. Nh2 Qg6 23. Qxb5 Nh4 24. g3 Nf3+ 25. Nxf3 Rxf3 26. Qe2 Rf5 27. Rad1 f6 28. Qg4 Rg5 29. Qxe6+ Kh8 30. Kg2 Qc2 31. exf6 gxf6 32. Rxd5 Rg6 33. Qe2 Qb3 34. Rd7 Rfg8 35. Kh2 Qa4 36.
Qh5 Qxd7 37. Re2 Qd3 38. Kg2 Rd8 39. Re7 Qd5+ 40. Qxd5 Rxd5 41. Rxb7 Rg7 42. Rb8+ Rg8 43. Rb7 Ra8 44. Kf1 Kg8 45. Ke2 Re8+ 46. Kf3 Rf5+ 47. Kg4 Rg5+ 48. Kf4 Re2 49. f3 Rc2 50. a4 Ra5 51. Rb4 Kg7 52. c4 Kg6 53. b3 Rc3 54.
g4 Re5 0-1

[Event "*** Titled Tuesday Blitz"]
[Site "Chess.com"]
[Date "2021.03.09"]
[Round "8"]
[White "Orest_Vovk"]
[Black "Lupul_Cenusiu"]
[Result "0-1"]
[WhiteElo "2431"]
[BlackElo "2568"]
[TimeControl "180+1"]
[EndTime "11:32:21 PST"]
[Termination "Lupul_Cenusiu won on time"]

1. d4 Nf6 2. Nf3 e6 3. Bg5 d5 4. Nbd2 Be7 5. e3 b6 6. Bd3 Bb7 7. Ne5 Nfd7 8. Bxe7 Qxe7 9. f4 Nf6 10. O-O a6 11. c3 Nbd7 12. a4 g6 13. a5 h5 14.
b4 h4 15. Qe2 b5 16. Nb3 Kf8 17. Nc5 Nxc5 18. bxc5 c6 19. Bxg6 Nd7 20. Nxd7+ Qxd7 21. f5 f6 22. Qg4 Bc8 23. fxe6 Qxe6 24. Qxe6 Bxe6 25. Rxf6+ Ke7 26. Raf1 Rh6 27. e4 dxe4 28. Rxe6+ Kxe6 29. Bxe4 Rc8 30. Rf5 Rc7 31. g4 h3 32.
Kf2 Rf6 33. Kg3 Rxf5 34. gxf5+ Kf6 35. Kxh3 Re7 36. Bxc6 Re3+ 37. Kg4 Rxc3 38. Kf4 b4 39. Bd5 b3 40. Bxb3 Rxb3 41. Ke4 Rh3 42. c6 Ke7 43.
Kd5 Rh5 44. Ke5 Kd8 45. d5 Rxh2 46. Ke6 Re2+ 47. Kd6 Rf2 48. Ke6 Kc7 49. f6 Re2+ 50. Kf7 Kd6 51. Kg7 Rg2+ 52. Kh7 Rf2 53. Kg7 Rf3 54.
f7 Ke7 55. c7 Rxf7+ 56. Kg6 Rf8 57. Kg7 Rc8 0-1

[Event "*** Titled Tuesday Blitz"]
[Site "Chess.com"]
[Date "2021.03.09"]
[Round "8"]
[White "Etud-otradnoe"]
[Black "lindsay790"]
[Result "1-0"]
[WhiteElo "2316"]
[BlackElo "2193"]
[TimeControl "180+1"]
[EndTime "11:32:21 PST"]
[Termination "Etud-otradnoe won on time"]

1. e4 c5 2. c3 d5 3. exd5 Qxd5 4. d4 Nc6 5. Nf3 Nf6 6. Na3 Bg4 7. Be2 e6 8. Be3 cxd4 9. Nb5 Rc8 10. Nbxd4 Be7 11. Qa4 O-O 12. Nxc6 Qxc6 13. Qxa7 Nd5 14. Qd4 Bf6 15.
Qxg4 Bxc3+ 16. Kf1 Nxe3+ 17. fxe3 Bxb2 18. Rb1 Qc2 19. Kf2 f5 20. Qb4 Bc3 21. Qb3 Qe4 22. Qxb7 Qg4 23.
Qe7 f4 24. e4 Bf6 25. Qd7 Rcd8 26. Qa7 Qg6 27. e5 Bg5 28. Rb7 Bh6 29. Rc1 Qe4 30. Rcc7 Qe3+ 31. Qxe3 fxe3+ 32. Ke1 Ra8 33. Ra7 Rab8 34.
Rcb7 Rbc8 35. Rc7 Rb8 36. Rab7 Ra8 37. Bc4 Rfe8 38. Ke2 Ra4 39. Bb3 Re4 40. a4 Rg4 41. g3 Re4 42. a5 Rg4 43. a6 Rg6 44. a7 Bg5 45. Rb8 1-0

[Event "*** Titled Tuesday Blitz"]
[Site "Chess.com"]
[Date "2021.03.09"]
[Round "8"]
[White "TeukkaSalama"]
[Black "PawnEatingZombie"]
[Result "0-1"]
[WhiteElo "2355"]
[BlackElo "2244"]
[TimeControl "180+1"]
[EndTime "11:32:22 PST"]
[Termination "PawnEatingZombie won on time"]

1. d4 d5 2. Bf4 e6 3. e3 Nf6 4. Nf3 Bd6 5. Bg3 c5 6. c3 Qc7 7. dxc5 Qxc5 8. b4 Qc7 9. Nbd2 Nbd7 10. Rc1 b6 11. c4 Bxg3 12. hxg3 Qb8 13. cxd5 Nxd5 14.
Bb5 O-O 15. Bc6 Nxb4 16. Be4 Nf6 17. Bb1 Ba6 18. Nc4 Rd8 19. Qb3 Nc6 20. Ng5 h6 21. Nxe6 Bxc4 22. Qxc4 Na5 23. Qc2 fxe6 24. Qg6 Qd6 25.
O-O Rac8 26. g4 Rxc1 27. Rxc1 Qe7 28. g5 Qf7 29. Qxf7+ Kxf7 30. gxf6 Kxf6 31. Rc7 Rd1+ 32. Kh2 Rxb1 33. Rxa7 Rb2 34. Ra6 Nc4 35. a4 Rxf2 36.
Kg3 Ra2 37. Kf3 g5 38. g4 Ra3 39. Ke4 Rxe3+ 40. Kd4 Rg3 41. Kxc4 Rxg4+ 42. Kb5 Rg1 43. Rxb6 Rb1+ 44. Kc5 Ra1 45. Rb4 h5 46. Kb5 h4 47. a5 Rxa5+ 48. Kxa5 Kf5 49. Kb5 g4 50. Kc4 h3 51. Kd3 g3 52. Ke2 h2 53. Rb1 g2 54.
Kf2 h1=Q 0-1

[Event "*** Titled Tuesday Blitz"]
[Site "Chess.com"]
[Date "2021.03.09"]
[Round "8"]
[White "gatocorbis"]
[Black "fabianvivasz"]
[Result "0-1"]
[WhiteElo "2105"]
[BlackElo "2282"]
[TimeControl "180+1"]
[EndTime "11:32:22 PST"]
[Termination "fabianvivasz won by checkmate"]

1. c4 Nf6 2. Nc3 c5 3. g3 d5 4.
cxd5 Nxd5 5. Bg2 Nc7 6. Nf3 Nc6 7. O-O e5 8. d3 Be7 9. Be3 Bd7 10. Qd2 O-O 11.
Rac1 Rc8 12. Ng5 h6 13. Nge4 b6 14. Bxh6 gxh6 15. Qxh6 Nd4 16. e3 Nf5 17. Qh5 Ng7 18. Qh6 f5 19. Nd6 Rf6 20. Qxf6 Bxf6 21. Nxc8 Bxc8 22.
Rcd1 Ba6 23. Rfe1 Nge6 24. Bh3 Bxd3 25. Bxf5 Bxf5 26. Rxd8+ Nxd8 27. e4 Bh3 28. Rd1 Kf7 29. Nd5 Nxd5 30. Rxd5 Nc6 31. f3 Nb4 32. Rd1 Be7 33. a3 Nc2 34. Rd2 Nd4 35. Kf2 c4 36.
f4 Bc5 37. Rd1 Nc2+ 38. Kf3 Nd4+ 39. Kf2 Bg4 40. Rh1 Ne6+ 41. Ke1 exf4 42. gxf4 Nxf4 43.
Rf1 Be3 44. h3 Bh5 45. Rxf4+ Bxf4 46. Kf2 Ke6 47. h4 Be5 48. Ke3 Bxb2 49. Kf4 c3 50.
Kg5 Be2 51. Kg6 c2 52. h5 c1=Q 53. h6 Qg1+ 54. Kh7 Kf7 55. e5 Qg8# 0-1

[Event "*** Titled Tuesday Blitz"]
[Site "Chess.com"]
[Date "2021.03.09"]
[Round "8"]
[White "ChristopherYoo"]
[Black "ShimanovAlex"]
[Result "0-1"]
[WhiteElo "2925"]
[BlackElo "2809"]
[TimeControl "180+1"]
[EndTime "11:32:23 PST"]
[Termination "ShimanovAlex won by resignation"]

1. d4 d5 2. Nf3 Nf6 3. c4 e6 4. Nc3 Nbd7 5. Qd3 dxc4 6. Qxc4 a6 7. e4 b5 8. Qd3 Bb7 9. e5 Nd5 10. Be2 c5 11. O-O Be7 12. Ne4 c4 13. Qb1 h6 14.
a4 Qb6 15. Bd2 O-O 16. b3 cxb3 17. axb5 axb5 18. Qxb3 b4 19. Rfb1 Rfc8 20. Bd3 Ba6 21. h4 Bxd3 22. Qxd3 Rxa1 23. Rxa1 b3 24. Rb1 b2 25. g4 Ra8 26. g5 h5 27. g6 fxg6 28. Nc3 Nxc3 29. Bxc3 Ra3 30. Qc4 Qb3 31. Qc8+ Nf8 32.
Bxb2 Ra2 33. Qc3 Qb7 34. Qd3 Rxb2 35. Rxb2 Qxb2 36. d5 exd5 37. Qxd5+ Kh8 38. Qf7 Qb1+ 39. Kg2 Qb4 40. Kf1 Qb5+ 41. Kg2 Qd7 42. Kf1 Qe6 43. Qe8 Kh7 44. Ng5+ Bxg5 45. Qxf8 Bxh4 46. Qf4 Be7 47.
Qe4 Qf5 48. Qd5 Bf6 49. Qf7 Qxe5 50. Qd7 Qf5 51. Qd2 h4 52. Qe3 Qg4 53. f3 Qg3 54.
Qe2 h3 55. f4 h2 56. Qg2 Qxg2+ 57. Kxg2 Kh6 58. Kxh2 g5 59. f5 g4 0-1

[Event "*** Titled Tuesday Blitz"]
[Site "Chess.com"]
[Date "2021.03.09"]
[Round "8"]
[White "DarZay"]
[Black "Khnykin_Nikolay"]
[Result "1-0"]
[WhiteElo "2166"]
[BlackElo "2046"]
[TimeControl "180+1"]
[EndTime "11:32:23 PST"]
[Termination "DarZay won by checkmate"]

1. e4 e6 2. d4 d5 3. e5 c5 4. c3 Qb6 5. Nf3 Nc6 6. a3 cxd4 7. cxd4 Bd7 8. b4 Rc8 9. Bb2 Na5 10.
Nbd2 Ne7 11. Rb1 Nac6 12. Bd3 Nf5 13. Nb3 Be7 14. Nc5 Bxc5 15. dxc5 Qc7 16. Bxf5 exf5 17.
Qxd5 Be6 18. Qd6 Qxd6 19. exd6 O-O 20. O-O Bd7 21. Rfe1 Rfe8 22. Ne5 Nxe5 23. Rxe5 Rxe5 24. Bxe5 Re8 25. Bf4 f6 26. h3 Re2 27. Be3 Ra2 28. Rb3 a6 29. Bd4 Kf7 30. Re3 Be6 31. Rd3 Ke8 32. Rg3 Kf7 33. Re3 Rc2 34. Kf1 Rc1+ 35. Ke2 Rc2+ 36. Ke1 Ra2 37. Kd1 Rxf2 38. Rxe6 Rf1+ 39.
Re1 Rxe1+ 40. Kxe1 Ke6 41. Ke2 Kd7 42. Kf3 h6 43.
Kf4 Kc6 44. Kxf5 b6 45. Kg6 bxc5 46. Bxc5 f5 47. Kxf5 h5 48. Kg6 h4 49. Kxg7 a5 50.
Kf6 Kd7 51. Ke5 Kc6 52. bxa5 Kd7 53. a6 Kc6 54. a7 Kd7 55. a4 Kc6 56. a8=Q+ Kd7 57.
Qb7+ Ke8 58. Qe7# 1-0

[Event "*** Titled Tuesday Blitz"]
[Site "Chess.com"]
[Date "2021.03.09"]
[Round "8"]
[White "Promacherr"]
[Black "Reader777"]
[Result "1-0"]
[WhiteElo "2640"]
[BlackElo "2792"]
[TimeControl "180+1"]
[EndTime "11:32:24 PST"]
[Termination "Promacherr won by resignation"]

1. e4 c5 2. Nf3 d6 3. d4 cxd4 4.
Nxd4 Nf6 5. Nc3 a6 6. h3 e6 7. g4 Be7 8. g5 Nfd7 9. Bg2 Nc6 10. h4 O-O 11. f4 Nxd4 12. Qxd4 b5 13. h5 e5 14. Qf2 exf4 15. Bxf4 Ne5 16. Qg3 Be6 17.
O-O-O Qc7 18. g6 fxg6 19. hxg6 Nxg6 20. Bxd6 Bxd6 21. Rxd6 b4 22. e5 bxc3 23. Bxa8 Rxa8 24. Rxe6 Qb7 25. Rg1 Qxb2+ 26. Kd1 Qb1+ 27. Ke2 Qxc2+ 28.
Ke3 Qd2+ 29. Ke4 Rd8 30. Rd6 Qe2+ 31. Kd4 Re8 32. Kxc3 Rc8+ 33. Kd4 Rc4+ 34. Kd5 Qe4+ 35. Ke6 Nf8+ 36. Ke7 Rc7+ 37. Kd8 Qb7 38. Qb3+ Qxb3 39. axb3 Rb7 40. e6 Ng6 41. Rd7 Rb8+ 42. Kc7 Rxb3 43.
e7 Rc3+ 44. Kd6 Rd3+ 45. Kc7 Rc3+ 46. Kb7 Re3 47. Rf1 h6 48. Rd8+ Kh7 49. e8=Q Rb3+ 50. Kxa6 Ra3+ 51. Kb5 Rb3+ 52. Ka4 1-0

[Event "*** Titled Tuesday Blitz"]
[Site "Chess.com"]
[Date "2021.03.09"]
[Round "8"]
[White "Lagmantr"]
[Black "AlexPapasimakopoulos"]
[Result "0-1"]
[WhiteElo "2712"]
[BlackElo "2601"]
[TimeControl "180+1"]
[EndTime "11:32:24 PST"]
[Termination "AlexPapasimakopoulos won on time"]

1. e4 e6 2. d4 d5 3. exd5 exd5 4.
Nf3 Bg4 5. h3 Bh5 6. Bd3 Nc6 7.
c3 Bd6 8. Be3 Nge7 9. Nbd2 Qd7 10.
Nf1 Bg6 11. Ng3 O-O-O 12. b4 Rde8 13. O-O h5 14. a4 h4 15. Ne2 Bxd3 16. Qxd3 Qf5 17. Qd2 f6 18. a5 a6 19. Rfb1 Na7 20.
c4 dxc4 21. d5 Nb5 22. Nfd4 Qxd5 23. Nc3 Nxc3 24. Qxc3 Qe5 25. Qxc4 Nd5 26. Nf3 Nxe3 27. Nxe5 Nxc4 28. Nxc4 Bf4 29. b5 Re4 30. bxa6 Rxc4 31. Rxb7 Kd7 32. Rd1+ Bd6 33. a7 Ra8 34. g3 hxg3 35.
fxg3 Kc6 36. a6 Bc5+ 37. Kg2 Rxa7 38. Rxa7 Bxa7 39. Rd8 Ra4 40. Rg8 g5 41. Rg6 Bd4 42. h4 gxh4 43. gxh4 Rxa6 44. h5 Ra8 45. h6 Kd5 46.
Kf3 Ke6 47. Kg4 c5 48. Kh5 Rh8 49. Rg7 f5 50. Rc7 Kd6 51. Rf7 Ke6 52. Kg6 Rg8+ 53.
Kh7 Rh8+ 54. Kg6 f4 55. h7 Ke5 56. Re7+ Kd5 57. Rf7 Ke4 58. Re7+ Kd3 59. Rf7 Ke3 60.
Re7+ Kf2 61. Kg5 f3 62. Kf4 Kg2 0-1

[Event "*** Titled Tuesday Blitz"]
[Site "Chess.com"]
[Date "2021.03.09"]
[Round "8"]
[White "hansen"]
[Black "mishanick"]
[Result "1-0"]
[WhiteElo "2867"]
[BlackElo "2988"]
[TimeControl "180+1"]
[EndTime "11:32:25 PST"]
[Termination "hansen won by checkmate"]

1. e4 c5 2. Nf3 d6 3. Bb5+ Nd7 4. c3 Nf6 5. Qe2 e6 6. O-O a6 7. Ba4 b5 8. Bc2 c4 9. b3 cxb3 10. axb3 Bb7 11. d4 Be7 12. Re1 Qc7 13. Bd3 O-O 14. Bb2 e5 15. Nbd2 Nh5 16. Qe3 Nf4 17. Bf1 Ne6 18.
g3 Bf6 19. b4 h6 20. Rac1 exd4 21. cxd4 Qb6 22. Nb3 Rad8 23. Qd2 Rfe8 24. h4 Nef8 25. d5 Bxb2 26. Qxb2 Ng6 27. Qd4 Nge5 28. Nfd2 Rc8 29. f4 Ng4 30. Qxb6 Nxb6 31. Bh3 h5 32. Bxg4 hxg4 33.
f5 Kf8 34. Kf2 Nd7 35. Na5 Ba8 36. Nab3 Ne5 37. Rxc8 Rxc8 38. Ke2 Rc3 39. Rc1 Rxg3 40. Rc8+ Ke7 41. Rxa8 Rh3 42. Nd4 Rh2+ 43. Ke3 g3 44. Nc6+ Kf6 45. Nxe5 Kxe5 46. Nf3+ Kf6 47. Rxa6 Rb2 48.
Rxd6+ Ke7 49. Rc6 g2 50. Rc1 Rxb4 51. e5 Rg4 52. d6+ Kd7 53. Rc7+ Ke8 54. Kf2 b4 55. Rb7 Rf4 56. e6 Rxf3+ 57. Kxf3 g1=Q 58. Rb8# 1-0

[Event "*** Titled Tuesday Blitz"]
[Site "Chess.com"]
[Date "2021.03.09"]
[Round "8"]
[White "Sjakkerntobi"]
[Black "arminmusovic"]
[Result "1-0"]
[WhiteElo "2385"]
[BlackElo "2481"]
[TimeControl "180+1"]
[EndTime "11:32:25 PST"]
[Termination "Sjakkerntobi won by resignation"]

1. e4 c6 2. Nc3 d5 3. Nf3 dxe4 4. Nxe4 Nf6 5. Qe2 Nxe4 6. Qxe4 Qd5 7. Qf4 Qf5 8. Qxf5 Bxf5 9. d3 h6 10. g3 e6 11. Bg2 Nd7 12. O-O Be7 13. Bd2 O-O 14.
b4 Bf6 15. Rab1 Nb6 16. b5 c5 17. Be3 c4 18. dxc4 Nxc4 19. Nd2 Nxe3 20. fxe3 Bxc2 21. Rbc1 Bd3 22. Rfd1 Be2 23. Re1 Bxb5 24. Bxb7 Rab8 25.
Bg2 Bb2 26. Rc7 a5 27. Nc4 Bf6 28. Nxa5 Rbc8 29. Rec1 Rxc7 30. Rxc7 Rd8 31. Nb3 g5 32. Bf3 Be5 33. Rb7 Bc4 34. Rb4 Bd3 35. Kf2 Bg6 36.
Rb5 Bc3 37. Rc5 Bb4 38. Rc4 Bf8 39. Be2 Kg7 40. a4 Ra8 41. a5 Ra7 42. e4 f5 43.
exf5 exf5 44. Nd4 Bf7 45. Ra4 Bc5 46. Ke3 Kf6 47. Kd3 Rd7 48. Kc3 Rc7 49. Nb5 Rc8 50.
Kd2 Be8 51. a6 Rd8+ 52. Ke1 Bc6 53. a7 Re8 54. Ra6 Bb4+ 55. Kf1 Ke5 56. Rxc6 Ra8 57. Rc4 Bd6 58. Ra4 Be7 59. Bf3 Rc8 60. a8=Q Rc1+ 61. Ke2 Bc5 62. Qe8+ Kf6 63. Qc6+ Kg7 64. Qd7+ Kf6 65.
Bd5 1-0

[Event "*** Titled Tuesday Blitz"]
[Site "Chess.com"]
[Date "2021.03.09"]
[Round "8"]
[White "Semen_Khanin"]
[Black "rasmussvane"]
[Result "0-1"]
[WhiteElo "2837"]
[BlackElo "2952"]
[TimeControl "180+1"]
[EndTime "11:32:27 PST"]
[Termination "rasmussvane won by resignation"]

1. e4 c6 2. Nf3 d5 3. d3 Bg4 4.
h3 Bh5 5. g4 Bg6 6. h4 h6 7. Qe2 e6 8. Nc3 Bb4 9. Bd2 d4 10. Nb1 Qb6 11. Bh3 Nd7 12. h5 Bh7 13. g5 hxg5 14. Nxg5 Ngf6 15. Bxb4 Qxb4+ 16. Nd2 Bg8 17. e5 Nd5 18. O-O-O Nc3 19. bxc3 dxc3 20. Nc4 Nb6 21. a3 Qa4 22. Qe1 Nxc4 23. Qxc3 Qxa3+ 24. Qxa3 Nxa3 25. c4 Rxh5 26. f4 b5 27. Kb2 b4 28.
Bg2 Rxh1 29. Bxc6+ Ke7 30. Rxh1 Rd8 31. Be4 f5 32. exf6+ gxf6 33. Nf3 a5 34. f5 exf5 35. Bxf5 a4 36. Rg1 Bxc4 37. dxc4 Nxc4+ 38. Kc2 Ne3+ 39. Kb2 Nxf5 40. Re1+ Kd7 41. Re4 Rb8 42. Rf4 Ke6 43.
Re4+ Kd5 44. Rf4 Nd6 45. Rxf6 Nc4+ 46. Kb1 b3 47. Rf5+ Ke4 48. Rc5 Kd3 49. Ne1+ Kd4 50. Rc6 Na3+ 51. Kb2 Nc4+ 52. Kb1 a3 53. Nf3+ Kd5 54.
Rxc4 Kxc4 55. Ne5+ Kc3 56. Ka1 b2+ 0-1

[Event "*** Titled Tuesday Blitz"]
[Site "Chess.com"]
[Date "2021.03.09"]
[Round "8"]
[White "Abund"]
[Black "Elshan1985"]
[Result "0-1"]
[WhiteElo "2650"]
[BlackElo "2884"]
[TimeControl "180+1"]
[EndTime "11:32:29 PST"]
[Termination "Elshan1985 won by checkmate"]

1. e4 e6 2. d4 d5 3. Nd2 Be7 4. Ngf3 Nf6 5. e5 Nfd7 6. Bd3 c5 7. c3 b6 8. O-O Ba6 9. Bxa6 Nxa6 10. Qe2 Nab8 11.
Rd1 Nc6 12. Nf1 Rc8 13. Ng3 h5 14. h3 g6 15. Bf4 g5 16. Be3 cxd4 17. cxd4 Nf8 18.
Qd2 g4 19. hxg4 hxg4 20. Nh2 Bb4 21. Qe2 Qh4 22. Ngf1 Rg8 23. Bf4 Be7 24. Ne3 g3 25.
fxg3 Qh7 26. Neg4 Ng6 27. Bh6 Kd7 28. Rac1 Rc7 29. Rc3 Rgc8 30. Qf2 Nh8 31. Rdc1 Qe4 32. Be3 Nb4 33. Rxc7+ Rxc7 34. Rxc7+ Kxc7 35. a3 Nc6 36. b4 a5 37. b5 Qb1+ 38. Qf1 Qxf1+ 39. Kxf1 Bxa3 40. bxc6 Kxc6 41. Ke2 b5 42. Kd3 b4 43. Nh6 a4 44. Kc2 b3+ 45. Kc3 Kb5 46. N2g4 Bb4+ 47. Kb2 Kc4 48. Bc1 a3+ 49. Kb1 Kxd4 50. Nf6 Kxe5 51. Nhg4+ Kf5 52. Nd7 Kxg4 53. Ne5+ Kxg3 54. Nd3 Bd6 55. Be3 Kxg2 56. Bd4 Ng6 57. Bc5 Bxc5 58. Nxc5 e5 59. Nxb3 f5 60. Kc2 f4 61. Kd3 f3 62.
Ke3 f2 63. Nd2 f1=Q 64. Nxf1 Kxf1 65. Kd2 a2 66. Kc2 a1=Q 67. Kd2 Qa2+ 68. Ke3 Qb3+ 69. Kd2 e4 70. Kc1 Qa2 71. Kd1 Nf4 72. Kc1 Nd3+ 73. Kd1 Qe2# 0-1

[Event "*** Titled Tuesday Blitz"]
[Site "Chess.com"]
[Date "2021.03.09"]
[Round "8"]
[White "lupta_robin"]
[Black "XDPS"]
[Result "1-0"]
[WhiteElo "2597"]
[BlackElo "2709"]
[TimeControl "180+1"]
[EndTime "11:32:31 PST"]
[Termination "lupta_robin won by checkmate"]

1. d4 d5 2. c4 e6 3. Nc3 Nf6 4. Nf3 c6 5. e3 Nbd7 6. Qc2 Bd6 7.
b3 O-O 8. Be2 b6 9. O-O Bb7 10.
Bb2 Qe7 11. Rfd1 Rfd8 12. Rac1 Rac8 13. e4 dxe4 14. Nxe4 Nxe4 15. Qxe4 Nf6 16. Qh4 c5 17. dxc5 Bxc5 18. Ne5 Ne4 19. Qxe7 Bxe7 20. Nd3 f6 21. Bf3 e5 22. Kf1 Kf7 23. Ke2 Ba8 24. a3 a5 25. Rc2 g6 26. h3 h5 27. g3 Nxg3+ 28.
fxg3 e4 29. Ne5+ fxe5 30. Bg2 Rxd1 31. Kxd1 Rd8+ 32. Ke2 Rd3 33. Rc3 Ke6 34. Bf1 Rxc3 35. Bxc3 Bxa3 36. Bg2 Bc5 37. Bd2 Bd4 38. g4 hxg4 39. hxg4 Bc6 40. Bh3 e3 41. g5+ Kd6 42. Bxe3 Bxe3 43. Kxe3 Kc5 44. Be6 Kb4 45. Bf7 Kc3 46.
Bxg6 Kxb3 47. Bf7 Kc3 48. g6 a4 49. g7 a3 50. c5 b5 51. g8=Q b4 52. Qg7 b3 53. Qxe5+ Kc2 54. Qf5+ Kc3 55. Qf6+ Kc2 56. Qxc6 Kc3 57. Qb5 b2 58. Qb3# 1-0

[Event "*** Titled Tuesday Blitz"]
[Site "Chess.com"]
[Date "2021.03.09"]
[Round "8"]
[White "ri4mi"]
[Black "ValeriyGrinev"]
[Result "1-0"]
[WhiteElo "2439"]
[BlackElo "2551"]
[TimeControl "180+1"]
[EndTime "11:32:31 PST"]
[Termination "ri4mi won by resignation"]

1. d4 Nf6 2. Nc3 d5 3. Bf4 c5 4. e3 cxd4 5. exd4 a6 6. Nf3 Bg4 7. Be2 Nc6 8. Ne5 Bxe2 9. Nxe2 e6 10. O-O Bd6 11. Nxc6 bxc6 12. c3 O-O 13. Re1 c5 14.
Be3 c4 15. Bg5 Be7 16. Bxf6 Bxf6 17. b3 cxb3 18. axb3 Qb6 19. h3 a5 20. c4 Rfb8 21.
Rb1 Qb4 22. Qd3 a4 23. cxd5 axb3 24. dxe6 fxe6 25. Nf4 Qxd4 26. Qxd4 Bxd4 27. Nxe6 Bf6 28. Nc7 Ra3 29. Nd5 Bd4 30. Ne7+ Kf7 31. Nc6 Ba7 32.
Re7+ Kf6 33. Rxa7 Rxa7 34. Nxa7 Rb6 35. Nc8 Rc6 36. Na7 Rb6 37. Rb2 Ke6 38. Kf1 Kd7 39.
Ke2 Kc7 40. Kd3 Kb7 41. Kc4 Kxa7 42. Rxb3 Re6 43. Rf3 Re7 44. Kd5 Kb7 45. Kd6 Re2 46. Rf7+ Kc8 47. g4 g5 48. Rf5 h6 49. Rf6 Kb7 50.
Rxh6 Rxf2 51. Rh5 Rf3 52. Ke6 Kc7 53. Rh7+ Kd8 54. Rg7 Rxh3 55. Rg8+ Kc7 56. Rg7+ Kc6 57. Rxg5 Re3+ 58. Kf7 Kd7 59. Rd5+ Kc6 60. Rd1 Rf3+ 61. Kg6 Kc7 62. g5 Kc8 63. Kg7 Rf2 64. g6 Rf3 65.
Kg8 Rf2 66. g7 Rg2 67. Rd5 Kc7 68. Kf7 Rf2+ 69. Kg6 Rg2+ 70. Rg5 1-0

[Event "*** Titled Tuesday Blitz"]
[Site "Chess.com"]
[Date "2021.03.09"]
[Round "8"]
[White "PaulfromSPb"]
[Black "Eltaj_Safarli"]
[Result "0-1"]
[WhiteElo "2728"]
[BlackElo "2908"]
[TimeControl "180+1"]
[EndTime "11:32:33 PST"]
[Termination "Eltaj_Safarli won by resignation"]

1. e4 e5 2. Nf3 Nc6 3. Bc4 Bc5 4. c3 Nf6 5. d3 O-O 6. Bb3 d5 7. exd5 Nxd5 8. Nbd2 Bg4 9. Ne4 Be7 10. O-O Kh8 11.
h3 Bh5 12. Ng3 Bg6 13. Re1 f6 14. d4 exd4 15. Nxd4 Nxd4 16. Qxd4 c6 17. Bxd5 cxd5 18. Bf4 b6 19. Rad1 Bf7 20. Nf5 Bc5 21. Qd3 Qd7 22. b4 Be6 23. Rxe6 Bxf2+ 24. Kxf2 Qxe6 25. Re1 Qc6 26. Nxg7 Kxg7 27. Re7+ Rf7 28. Rxf7+ Kxf7 29. Qxh7+ Ke6 30.
g4 Qxc3 31. Qf5+ Ke7 32. Qh7+ Ke6 33. Kg2 Qc4 34. Qf5+ Ke7 35. Qh7+ Ke6 36. Kg3 Qe4 37. Qc7 Re8 38. Qxa7 Qxb4 39. Qh7 Qe1+ 40. Kf3 Qe4+ 41.
Qxe4+ dxe4+ 42. Kxe4 Ra8 43. h4 Rxa2 44. Kd3 Rg2 45. g5 fxg5 46. Bxg5 Kd5 47. Kc3 Rg4 48. Be7 b5 49. Kb3 Re4 50. Bg5 Kc5 51. h5 Re5 52. Bh6 Rxh5 53. Bf8+ Kc6 54. Kb4 Rh4+ 55. Kb3 Re4 56.
Ba3 Kb6 57. Bd6 Rd4 58. Bf8 Ka5 59. Ba3 Rd3+ 60. Ka2 Ka4 61. Be7 b4 62. Kb1 Rd2 63. Kc1 Re2 64. Bc5 Kb3 65. Kd1 Rg2 66. Bd6 Kc4 67.
Be5 Kb3 68. Bd6 Rg4 69. Be5 Ka2 70. Kd2 b3 71. Ke3 b2 0-1

[Event "*** Titled Tuesday Blitz"]
[Site "Chess.com"]
[Date "2021.03.09"]
[Round "8"]
[White "Love_craft"]
[Black "kakakz"]
[Result "0-1"]
[WhiteElo "2535"]
[BlackElo "2429"]
[TimeControl "180+1"]
[EndTime "11:32:33 PST"]
[Termination "kakakz won by checkmate"]

1. Nf3 e6 2. g3 d5 3. Bg2 Nf6 4.
O-O Be7 5. d3 O-O 6. Nbd2 c5 7. e4 Nc6 8. e5 Nd7 9. Re1 b5 10. h4 Qc7 11. Qe2 Bb7 12. Nf1 Nd4 13.
Nxd4 cxd4 14. Bf4 Rfc8 15. Rec1 Nc5 16. Nh2 Na4 17. Rab1 a5 18. Nf3 Qb6 19. Bg5 Bf8 20. h5 h6 21. Bf4 Rc7 22. g4 Rac8 23. g5 hxg5 24. Nxg5 b4 25. Bh3 Rc6 26. Nf3 Ba6 27. Kh2 Bb5 28. h6 g6 29. Bg5 Qa7 30. Qd2 f5 31. exf6 Qc7+ 32. Bf4 Bd6 33. Bxd6 Qxd6+ 34.
Kh1 e5 35. Qg5 Qxf6 36. Qxf6 Rxf6 37. Bxc8 Rxf3 38. Kg2 Rf6 39. Rh1 Kh7 40. Bg4 e4 41. dxe4 dxe4 42. a3 bxa3 43. bxa3 Nc3 44. Rbe1 Bc6 45.
Kg3 g5 46. Rhg1 Kxh6 47. Rh1+ Kg6 48. Rh8 Kg7 49. Reh1 e3 50. R1h7+ Kg6 51. Rc7 exf2 52. Rg8+ Kh6 53. Rh8+ Kg6 54. Bh5+ Kf5 55. Kxf2 Ne4+ 56.
Ke1 Ke5 57. Rhc8 Bb5 58. Rd8 Rf1# 0-1

[Event "*** Titled Tuesday Blitz"]
[Site "Chess.com"]
[Date "2021.03.09"]
[Round "8"]
[White "Gahan-MG"]
[Black "KhamzinOlzhas"]
[Result "0-1"]
[WhiteElo "2661"]
[BlackElo "2563"]
[TimeControl "180+1"]
[EndTime "11:32:34 PST"]
[Termination "KhamzinOlzhas won by checkmate"]

1. e4 e6 2. b3 d5 3. Bb2 dxe4 4. Nc3 Nf6 5. g4 Bd7 6. Bg2 Bc6 7. Qe2 h5 8. h3 Nd5 9. Bxe4 hxg4 10. Qxg4 Nxc3 11. Bxc3 Qh4 12. Qxh4 Rxh4 13. Bxc6+ Nxc6 14. Nf3 Rh5 15. O-O-O g6 16. h4 Bb4 17. Ng5 Bxc3 18. dxc3 Rd8 19. Rde1 Ke7 20. Re4 Rdh8 21. Nf3 Rf5 22. Rh3 Rhh5 23.
Kd2 Ne5 24. Nxe5 Rxe5 25. Ke3 Rxe4+ 26. Kxe4 g5 27. Kf3 Rxh4 28. Rxh4 gxh4 29. Kg4 Kf6 30. Kxh4 Kf5 31. Kg3 Ke4 32. a4 c5 33. Kg4 e5 34. Kg5 Kf3 35. Kf5 Kxf2 36. Kxe5 Ke3 37. b4 c4 38. b5 f5 39. Kxf5 Kd2 40. Ke4 Kxc3 41. Kd5 Kb4 42. Kd4 b6 43. Kd5 Kc3 44. Kc6 Kxc2 45. Kb7 Kb3 46. Kxa7 c3 47. a5 c2 48.
axb6 c1=Q 49. b7 Qc5+ 50. Ka8 Qd5 51. Ka7 Qd7 52. Ka8 Qd5 53. Ka7 Qc5+ 54. Ka8 Qa3+ 55.
Kb8 Kc4 56. b6 Kb5 57. Kc7 Qe7+ 58. Kc8 Kc6 59. b8=Q Qd7# 0-1